 Dungeon Crawl Stone Soup version 0.17.1-3-g152610e (webtiles) character file.

318 Zetta the Skirmisher (level 6, -14/49 HPs)
             Began as a Human Fighter on Feb 25, 2016.
             Was a Follower of Okawaru.
             Killed from afar by Dowan (16 damage)
             ... with a shard of ice
             ... on level 4 of the Dungeon on Feb 26, 2016.
             The game lasted 00:18:00 (3230 turns).

Zetta the Skirmisher (Human Fighter)                Turns: 3230, Time: 00:18:00

Health: -14/49     AC: 11    Str: 23    XL:     6   Next: 74%
Magic:  6/6        EV:  5    Int:  8    God:    Okawaru [*.....]
Gold:   167        SH: 10    Dex: 14    Spells: 0 memorised, 5 levels left

rFire  . . .     SeeInvis .     a - +1 flail
rCold  . . .     Clarity  .     f - +1 chain mail {MR+}
rNeg   . . .     SustAt   .     c - +0 shield
rPois  .         Gourm    .     (no helmet)
rElec  .         Spirit   .     (no cloak)
rCorr  .         Warding  .     m - +0 pair of gloves
rMut   .         Stasis   .     (no boots)
MR     +....                    (no amulet)
Stlth  ..........               o - ring of stealth
                                g - +6 ring of strength

@: about to teleport, somewhat resistant to hostile enchantments, extremely
unstealthy
A: no striking features
a: Heroism, Renounce Religion


You were on level 4 of the Dungeon.
You worshipped Okawaru.
Okawaru was aware of your devotion.
You were not hungry.

You visited 1 branch of the dungeon, and saw 4 of its levels.

You collected 167 gold pieces.

Inventory:

Hand Weapons
 a - a +1 flail (weapon)
Armour
 c - a +0 shield (worn)
 f - a +1 chain mail of magic resistance (worn)
 j - a +0 plate armour
 m - a +0 pair of gloves (worn)
Jewellery
 g - a +6 ring of strength (left hand)
 o - a ring of stealth (right hand)
Scrolls
 i - 4 scrolls of identify
 n - 2 scrolls of teleportation
 q - 2 scrolls of remove curse {unknown}
Potions
 d - a potion of might
 k - a potion of agility
 r - a potion of curing {unknown}
 s - a potion of resistance {unknown}
Comestibles
 b - 2 meat rations
 e - 2 bread rations
 h - a beef jerky
 l - 3 fruits
 p - 3 chunks of flesh
 t - a slice of pizza


   Skills:
 + Level 4.4 Fighting
 + Level 3.6 Maces & Flails
 + Level 4.3 Armour
 + Level 3.9 Shields
 + Level 1.3 Invocations


You had 5 spell levels left.
You didn't know any spells.

Dungeon Overview and Level Annotations

Branches:
Dungeon (4/15)
 Temple: D:4-7

Altars:
Okawaru
Sif Muna
Trog

Annotations:
D:4 Dowan


Message History

Dowan screams, "No!
Oh no!"
Dowan seems to find hidden reserves of power!
Your Invocations skill increases to level 1!
Dowan zaps a wand.
You resist with almost no effort.
It is a wand of confusion.
You closely miss Dowan.
Dowan zaps a wand.
You resist with almost no effort.
Dowan gestures wildly while chanting.
Dowan blinks!
Dowan points at you and mumbles some strange words.
The shard of ice hits you! Dowan gestures at you while chanting.
The stone arrow hits you!
* * * LOW HITPOINT WARNING * * *
Things that are here:
a rapier; a ring mail; a cyan potion You see here a hound corpse.
As you read the scroll of teleportation, it crumbles to dust.
You feel strangely unstable. Dowan casts a spell at you.
The shard of ice hits you!
You die...

#.<.......#
#.#
#.........#
#.#
#.........#
#.#
#.........#
#.#
#.###)#####
#.# #.# #.#
#.# #.# #.#
#.# #.# .#.
#.# #.# # .
#@# #)# #.#
..# ...#
.e...
......
.......
..)....##


You could see Dowan.

Vanquished Creatures
  Duvessa (D:4)
  A hound (D:4)
  An orc priest (D:3)
  A gnoll shaman (D:3)
  A hound skeleton (D:4)
  4 adders
  An ooze (D:2)
  3 worms
  3 giant geckos
  4 orcs (D:3)
  2 ball pythons (D:3)
  5 bats
  A giant cockroach (D:1)
  5 goblins
  5 hobgoblins
  12 jackals
  9 kobolds
  A quokka (D:2)
  4 giant newts
  4 rats
68 creatures vanquished.

Notes
Turn   | Place    | Note
--------------------------------------------------------------
     0 | D:1      | Zetta the Human Fighter began the quest for the Orb.
     0 | D:1      | Reached XP level 1. HP: 18/18 MP: 1/1
   128 | D:1      | Reached XP level 2. HP: 22/24 MP: 2/2
   497 | D:1      | Reached XP level 3. HP: 29/29 MP: 3/3
  1594 | D:2      | Reached XP level 4. HP: 35/35 MP: 4/4
  1638 | D:2      | Found a bloodstained altar of Trog.
  1641 | D:2      | Found an iron altar of Okawaru.
  1644 | D:2      | Found a deep blue altar of Sif Muna.
  1648 | D:2      | Became a worshipper of Warmaster Okawaru
  2191 | D:3      | Reached XP level 5. HP: 42/42 MP: 5/5
  2711 | D:3      | Reached skill level 4 in Armour
  3143 | D:4      | Reached XP level 6. HP: 45/48 MP: 6/6
  3204 | D:4      | Noticed Duvessa
  3205 | D:4      | Noticed Dowan
  3226 | D:4      | Killed Duvessa
  3226 | D:4      | Reached * piety under Okawaru
  3226 | D:4      | Reached skill level 1 in Invocations
  3228 | D:4      | HP: 2/49 [Dowan/stone arrow (13)]
  3230 | D:4      | Killed from afar by Dowan

Action                   |  1- 3 |  4- 6 || total
-------------------------+-------+-------++-------
Melee: Flail             |   167 |   157 ||   324
  Use: Scroll            |     5 |     2 ||     7
       Potion            |     2 |     1 ||     3
  Eat: Bread ration      |     1 |       ||     1
       Chunk             |       |     2 ||     2
       Beef jerky        |       |     1 ||     1
